 Dungeon Crawl Stone Soup version 0.30.1-11-g7821555f0a (webtiles) character file.

Game seed: 14443998651459276706

340 KittyFluff the Cudgeller (level 6, 0/38 HPs)
             Began as a Gargoyle Berserker on Nov 11, 2023.
             Was a Priest of Trog.
             Constricted to death by Grinder (6 damage)
             ... on level 3 of the Dungeon.
             The game lasted 00:09:41 (2058 turns).

KittyFluff the Cudgeller (Gargoyle Berserker)       Turns: 2058, Time: 00:09:42

Health: 0/38       AC:  9    Str: 28    XL:     6   Next: 56%
Magic:  0/6        EV:  9    Int:  8    God:    Trog [***...]
Gold:   112        SH:  0    Dex:  9    Spells: 5/5 levels left

rFire   . . .        a - +0 mace
rCold   . . .        (no shield)
rNeg    + . .        k - +0 leather armour
rPois   ∞            p - +0 helmet
rElec   +            (no cloak)
rCorr   .            (no gloves)
SInv    .            (no boots)
Will    .....        t - amulet of guardian spirit
Stlth   ++           f - +6 ring of strength
HPRegen 0.26/turn    (no ring)
MPRegen 0.10/turn

%: guardian spirit
@: grasped by roots, on berserk cooldown, slowed, constricted, very slow
A: sickness immunity, AC +4, negative energy resistance 1, electricity
resistance, torment resistance 1, petrification resistance
a: Renounce Religion, Berserk, Trog's Hand


You were on level 3 of the Dungeon.
You worshipped Trog.
Trog was most pleased with you.
You visited 1 branch of the dungeon, and saw 4 of its levels.

You collected 112 gold pieces.

Inventory:

Hand Weapons
 a - a +0 mace (weapon)
 v - a +0 sling
Armour
 k - a +0 leather armour (worn)
 p - a +0 helmet (worn)
Jewellery
 f - a +6 ring of strength (left hand)
 t - an amulet of guardian spirit (around neck)
Wands
 m - a wand of digging (4)
Scrolls
 e - a scroll of amnesia {unknown}
 g - a scroll of immolation {unknown}
 h - 2 scrolls of fear {unknown}
 j - 2 scrolls of brand weapon {unknown}
 o - a scroll of teleportation {unknown}
 q - a scroll of enchant weapon {unknown}
 s - a scroll of identify
 u - a scroll of magic mapping {unknown}
Potions
 b - a potion of invisibility
 c - a potion of curing
 d - a potion of ambrosia
 i - a potion of mutation {unknown}
 l - a potion of heal wounds {unknown}
 r - a potion of attraction {unknown}


   Skills:
 + Level 4.1 Fighting
 * Level 4.6 Maces & Flails
 * Level 4.3 Armour
 + Level 2.4 Dodging
 + Level 2.8 Stealth


You had 5 spell levels left.
You didn't know any spells.
Your spell library was empty.

Dungeon Overview and Level Annotations

Branches:
Dungeon (4/15)
 Temple: D:4-7

Altars:
Makhleb

Annotations:
D:3 Grinder


Innate Abilities, Weirdness & Mutations

You are immune to sickness and miasma.
Your stone body is resilient. (AC +4)
You are immune to poison.
You resist negative energy. (rN+)
You are resistant to electric shocks. (rElec)
You are resistant to unholy torment.
You are immune to petrification.


Message History

Pain shoots through your body!
You thump the kobold!
You feel the power of Trog in you as your rage grows.
You kill the kobold!
Trog accepts your kill. The gnoll closely misses you.
The gnoll barely misses you.
Grinder says, "Make like a tree!"
Grinder blinks!
Items here: $ ( ))) ††.
You sock the gnoll!
The gnoll is severely wounded.
You completely miss the gnoll.
The gnoll is severely wounded.
The gnoll closely misses you.
Grinder zaps a wand.
The roots erupt in riotous growth!
The grasping roots grab you!
The gnoll is unaffected.
The grasping roots constrict you.
You sock the gnoll!
You kill the gnoll!
Trog accepts your kill.
Grinder blinks!
The grasping roots constrict you.
You escape the roots grasp.
Grinder zaps a wand.
The roots erupt in riotous growth!
The grasping roots grab you! The grasping roots constrict you.
* * * LOW HITPOINT WARNING * * *
You see here a +0 spear.
You escape the roots grasp.
You feel a strong urge to attack something.
You are no longer berserk.
You are exhausted.
You feel yourself slow down.
Grinder zaps a wand.
The roots erupt in riotous growth!
The grasping roots grab you!
Grinder is unaffected.
The grasping roots constrict you.
* * * LOW HITPOINT WARNING * * *
You barely miss Grinder. Grinder closely misses you.
The grasping roots constrict you.
You die...

#..........# .....
#.......##.## ......
#.......+...# .g....
#.......##..# ####......
#######.#'###..# #..g.....#
..........###).#######......##.
...####>.)).)).......'...(((...
........######)....###...##.###
....##########..@5.# ###.....
....#..........##### .....#
...##.########## .....'.
###).......# .....##
###'##.....# .....#
...........# $....#
...........# ...........#
.......#####


You could see Grinder.

Vanquished Creatures
  A black bear (D:4)
  An orc priest (D:3)
  An iguana (D:4)
  Natasha (D:4)
  Robin (D:3)
  3 adders
  4 gnolls (D:3)
  3 dart slugs
  A worm (D:2)
  4 orcs (D:3)
  6 ball pythons
  6 bats
  6 endoplasms
  3 giant cockroaches
  14 goblins
  10 hobgoblins
  10 jackals
  5 kobolds
  A quokka (D:2)
  2 frilled lizards
  3 rats
86 creatures vanquished.

Notes
Turn   | Place    | Note
-------+----------+-------------------------------------------
     0 | D:1      | KittyFluff the Gargoyle Berserker began the quest for the
                  | Orb.
     0 | D:1      | Reached XP level 1. HP: 14/14 MP: 1/1
   150 | D:1      | Reached XP level 2. HP: 14/19 MP: 2/2
   337 | D:1      | Reached skill level 1 in Stealth
   429 | D:1      | Reached XP level 3. HP: 23/23 MP: 3/3
   499 | D:1      | Reached ** piety under Trog
   917 | D:2      | Reached XP level 4. HP: 25/28 MP: 4/4
  1011 | D:2      | Found a burning altar of Makhleb.
  1338 | D:3      | You fall into a shaft and drop 1 floor!
  1350 | D:4      | Noticed a black bear
  1364 | D:4      | Killed a black bear
  1365 | D:4      | Reached XP level 5. HP: 18/33 MP: 5/5
  1490 | D:4      | Noticed Natasha
  1501 | D:4      | HP: 1/33 [iguana (6)]
  1641 | D:4      | Killed Natasha
  1642 | D:4      | Reached XP level 6. HP: 37/38 MP: 6/6
  1748 | D:3      | Noticed Robin
  1756 | D:3      | Reached *** piety under Trog
  1785 | D:3      | Killed Robin
  2009 | D:3      | Noticed Grinder
  2058 | D:3      | Constricted to death by Grinder

Illustrated notes

Levels and vault maps discovered:
D:1:      lemuel_arrival_cross, layout_rooms
D:2:      layout_rooms, basic_altar, minmay_pentomino_o2
D:3:      layout_basic, ebering_ecumenical_altar_abandoned,
          minmay_misc_feat_ornament, uniq_robin, uniq_grinder
D:4:      layout_basic, uniq_natasha

Skill      XL: |  1  2  3  4  5  6 |
---------------+-------------------+-----
Stealth        | 1 2 |  2.8
Armour         | 3 4 |  4.3
Maces & Flails | 4 |  4.6
Dodging        | 2 |  2.4
Fighting       | 4 |  4.1

Action                     |  1- 3 |  4- 6 || total
---------------------------+-------+-------++-------
  Melee: Mace              |   118 |   182 ||   300
         Punch             |       |     1 ||     1
  Throw: Dart              |       |     3 ||     3
 Invoke: Berserk           |       |     3 ||     3
    Use: Scroll            |       |     3 ||     3
   Stab: Sleeping          |     3 |     1 ||     4
 Armour: Animal skin       |    53 |       ||    53
         Leather armour    |       |    77 ||    77
  Dodge: Dodged            |    74 |   135 ||   209
